 Dungeon Sprint DCSS version 0.17.1-3-g152610e (webtiles) character file.

13915 Kokonut the Bewitcher (level 11, -7/42 HPs)
             Began as a Spriggan Enchanter on Feb 29, 2016.
             Was the Champion of Sif Muna.
             Mangled by a 12-headed hydra (14 damage)
             ... while paralysed by a giant eyeball
             ... in the Dungeon (Sprint I: "Red Sonja").
             The game lasted 00:25:45 (2902 turns).

Kokonut the Bewitcher (Spriggan Enchanter)          Turns: 2902, Time: 00:25:45

Health: -7/42      AC:  3    Str:  4    XL:     11   Next: 81%
Magic:  12/28      EV:  4    Int: 20    God:    Sif Muna [******]
Gold:   838        SH:  0    Dex: 13    Spells: 7 memorised, 16 levels left

rFire  . . .     SeeInvis +     u - +1 short sword (speed)
rCold  . . .     Clarity  .     b - +1 robe
rNeg   . . .     SustAt   .     (shield restricted)
rPois  +         Gourm    .     (helmet restricted)
rElec  .         Spirit   .     (no cloak)
rCorr  .         Warding  .     (gloves unavailable)
rMut   .         NoTele   +     (boots unavailable)
MR     +....                    (no amulet)
Stlth  ++++++++..               (no ring)
                                (no ring)

@: paralysed, very quick, somewhat resistant to hostile enchantments,
extraordinarily stealthy
A: unfitting armour, see invisible, clumsy 2, herbivore 3, speed 3, frail 1, low
mp 1, poison resistance, screaming 2, slow metabolism 2, no device heal 1,
subdued magic 1, MP-powered wands
a: Channel Energy, Forget Spell, Renounce Religion


You were in the Dungeon.
You worshipped Sif Muna.
Sif Muna was exalted by your worship.
You were full.

You visited 1 branch You collected 1784 gold pieces.
You spent 946 gold pieces at shops.

Inventory:

Hand Weapons
 a - a +1 dagger
 u - a +1 short sword of speed (weapon)
Armour
 b - a +1 robe (worn)
 s - a +2 robe of cold resistance
 t - a +2 buckler of poison resistance
Wands
 w - a wand of lightning (10)
Scrolls
 j - a scroll of blinking
 k - 2 scrolls of magic mapping
 l - a scroll of remove curse {unknown}
 n - a scroll of identify {unknown}
Potions
 e - a potion of ambrosia {unknown}
 f - a potion of heal wounds
 g - a potion of haste
 h - 2 potions of magic
 i - a potion of berserk rage
 p - a potion of mutation {unknown}
 v - 2 potions of curing
Books
 c - a book of Maledictions

   Spells                             Type                      Level
   a - Corona                         Hexes                        1
   b - Ensorcelled Hibernation        Hexes/Ice                    2
   c - Confuse                        Hexes                        3
   d - Tukima's Dance                 Hexes                        3
   e - Dazzling Spray                 Conjuration/Hexes            3
 m - a book of Callings

   Spells                             Type                      Level
   a - Summon Small Mammal            Summoning                    1
   b - Call Imp                       Summoning                    2
   c - Call Canine Familiar           Summoning                    3
   d - Summon Guardian Golem          Hexes/Summoning              3
   e - Summon Lightning Spire         Summoning/Air                4
   f - Summon Ice Beast               Ice/Summoning                4
 o - Sif Muna's Almanac of Hexes
   (Sif Muna gifted it to you in the Dungeon)

   Spells                             Type                      Level
   a - Corona                         Hexes                        1
   b - Confuse                        Hexes                        3
   c - Fulminant Prism                Conjuration/Hexes            4
   d - Cause Fear                     Hexes                        4
   e - Discord                        Hexes                        8
 q - a book of Necromancy

   Spells                             Type                      Level
   a - Pain                           Necromancy                   1
   b - Animate Skeleton               Necromancy                   1
   c - Vampiric Draining              Necromancy                   3
   d - Regeneration                   Charms/Necromancy            3
   e - Animate Dead                   Necromancy                   4
   f - Control Undead                 Necromancy                   4
 r - Sif Muna's Tome of Enchantment
   (Sif Muna gifted it to you in the Dungeon)

   Spells                             Type                      Level
   a - Corona                         Hexes                        1
   b - Confusing Touch                Hexes                        2
   c - Leda's Liquefaction            Hexes/Earth                  4
   d - Summon Mana Viper              Hexes/Summoning              5
   e - Discord                        Hexes                        8
 x - a book of Debilitation

   Spells                             Type                      Level
   a - Corona                         Hexes                        1
   b - Slow                           Hexes                        2
   c - Gell's Gravitas                Hexes/Translocation          3
   d - Inner Flame                    Hexes/Fire                   3
   e - Cause Fear                     Hexes                        4
   f - Leda's Liquefaction            Hexes/Earth                  4
Comestibles
 d - 2 bread rations


   Skills:
 - Level 12.1 Short Blades
 + Level 13.4 Dodging
 + Level 19.3 Stealth
 + Level 15.4 Spellcasting
 * Level 20.7 Hexes


You had 16 spell levels left.
You knew the following spells:

 Your Spells              Type           Power        Failure   Level  Hunger
a - Corona                Hex            ######.      0%          1    None
b - Ensorcelled Hibernat  Hex/Ice        #####.       0%          2    None
c - Confuse               Hex            ######..     0%          3    None
d - Dazzling Spray        Conj/Hex       #####...     1%          3    None
e - Tukima's Dance        Hex            ######..     0%          3    None
f - Discord               Hex            ######....   2%          8    #######
g - Cause Fear            Hex            ######....   0%          4    None


Dungeon Overview and Level Annotations

Branches:
Dungeon (1/1)

Altars:
Cheibriados
Dithmenos
Elyvilon
Fedhas
Gozag
Kikubaaqudgha
Makhleb
Nemelex Xobeh
Okawaru
Qazlal
Ru
Sif Muna
Trog
Vehumet
Xom
Yredelemnul
Zin
The Shining One
Jiyva

Shops:
D *([=%(:!(*}([*([?%![?

Annotations:
D Norris


Innate Abilities, Weirdness & Mutations

You are tiny and cannot use many weapons and most armour.
You have supernaturally acute eyesight.
You are a herbivore.
You cover ground extremely quickly.
You need consume almost no food.
You are very clumsy. (Dex -4)
You are frail (-10% HP).
Your magical capacity is low (-10% MP).
Your system is resistant to poisons.
You sometimes yell uncontrollably at your foes.
Potions and wands are less effective at restoring your health.
Your spells are a little easier to cast, but a little less powerful.
You expend magic power (3 MP) to strengthen your wands.


Message History

Found 27 gold pieces.
Casting: Ensorcelled Hibernation
Confirm with . or Enter, or press ? or * to list all spells.
Aiming: Ensorcelled Hibernation
Press: ? - help, Shift-Dir - straight line, f - 12-headed hydra
Aim: a 12-headed hydra (purple smoke, chance to defeat MR: 30%)
The 12-headed hydra easily resists.
The 12-headed hydra completely misses you. x2
The 12-headed hydra misses you. The 12-headed hydra bites you!
The 12-headed hydra bites you! The 12-headed hydra closely misses you.
The 12-headed hydra closely misses you.
The 12-headed hydra completely misses you. x2
The 12-headed hydra bites you!
* * * LOW HITPOINT WARNING * * *
The 12-headed hydra misses you.
The 12-headed hydra completely misses you.
The giant eyeball gazes at you.
You suddenly lose the ability to move!
The 12-headed hydra bites you!
You die...

#####################************
).#).#§§..§§§§§§@DG$#,,+,,,,*,,,,
..##+#§####.§§§§##$.+,,*,,,,**,,,
..'.§#§#(###§§§##**##*+*,,,,,****
###..†.#'#$###+#,,,**,,*,,,,,*,,,
.##'####^.$#@#,**,,,*,,**,,,,*,∩,
.#.^§.§#..$###,,***,*,,≈***+**,,,
.#..^§.+..$$$#*,*,*,*,,≈,,*,****+
§###..§#^....#,,***,*,,≈,**+*,,,,
.'.#..§###++##,**,,,*,,≈**,,,,,,,


You could see a 12-headed hydra and a giant eyeball.

Vanquished Creatures
  A lorocyproca (D)
  2 centaur warriors (D)
  Sonja (D)
  A deep troll (D)
  2 unseen horrors (D)
  A lindwurm (D)
  8 shining eyes (D)
  An oklob plant (D)
  A gargoyle (D)
  2 kobold demonologists (D)
  4 demonic crawlers (D)
  4 trapdoor spiders (D)
  A slime creature (D)
  A yak (D)
  Sigmund (D)
  13 hogs (D)
  A wasp (D)
  7 necrophages (D)
  An ogre (D)
  Ijyb (D)
  8 jellies (D)
  6 giant eyeballs (D)
  2 ballistomycetes (D)
  A giant spore (D)
71 creatures vanquished.

Vanquished Creatures (others)
  A gargoyle (D)
  A giant spore (D)
2 creatures vanquished.

Grand Total: 73 creatures vanquished

Notes
Turn   | Place    | Note
--------------------------------------------------------------
     0 | D        | Kokonut the Spriggan Enchanter began the quest for the Orb.
     0 | D        | Reached XP level 1. HP: 9/9 MP: 5/5
     1 | D        | Noticed Ijyb
    14 | D        | Killed Ijyb
    14 | D        | Reached skill level 6 in Stealth
    14 | D        | Reached XP level 2. HP: 13/13 MP: 6/8
    36 | D        | Learned a level 2 spell: Ensorcelled Hibernation
    36 | D        | Noticed an ogre
    39 | D        | Killed an ogre
    39 | D        | Reached skill level 8 in Stealth
    39 | D        | Reached XP level 3. HP: 16/16 MP: 8/11
    39 | D        | Reached XP level 4. HP: 21/21 MP: 9/13
    50 | D        | Noticed Sigmund
    53 | D        | Killed Sigmund
    53 | D        | Reached skill level 10 in Stealth
    53 | D        | Reached skill level 10 in Hexes
    53 | D        | Reached XP level 5. HP: 24/24 MP: 11/16
    59 | D        | Learned a level 3 spell: Confuse
    63 | D        | Learned a level 3 spell: Dazzling Spray
    67 | D        | Learned a level 3 spell: Tukima's Dance
    77 | D        | Found a deep blue altar of Sif Muna.
    78 | D        | Noticed a jelly
    79 | D        | Found a radiant altar of Vehumet.
    83 | D        | Killed a jelly
    83 | D        | Reached XP level 6. HP: 28/28 MP: 15/17
    85 | D        | Became a worshipper of Sif Muna the Loreminder
   115 | D        | Found Oppek's Jewellery Emporium.
   115 | D        | Found a white marble altar of Elyvilon.
   115 | D        | Found a stormy altar of Qazlal.
   115 | D        | Found a burning altar of Makhleb.
   115 | D        | Found a sacrificial altar of Ru.
   115 | D        | Found a basalt altar of Yredelemnul.
   115 | D        | Found a glowing golden altar of the Shining One.
   115 | D        | Found a sparkling altar of Nemelex Xobeh.
   115 | D        | Found a shimmering altar of Xom.
   115 | D        | Found an opulent altar of Gozag.
   115 | D        | Found an ancient bone altar of Kikubaaqudgha.
   115 | D        | Found a glowing silver altar of Zin.
   115 | D        | Noticed a yak
   116 | D        | Found an iron altar of Okawaru.
   117 | D        | Killed a yak
   117 | D        | Reached * piety under Sif Muna
   117 | D        | Reached skill level 5 in Short Blades
   117 | D        | Reached skill level 11 in Stealth
   118 | D        | Found a bloodstained altar of Trog.
   133 | D        | Found a snail-covered altar of Cheibriados.
   133 | D        | Found a viscous altar of Jiyva.
   133 | D        | Found a shadowy altar of Dithmenos.
   133 | D        | Found a blossoming altar of Fedhas.
   133 | D        | Noticed a slime creature
   136 | D        | Killed a slime creature
   136 | D        | Reached ** piety under Sif Muna
   136 | D        | Reached skill level 12 in Hexes
   136 | D        | Reached XP level 7. HP: 32/32 MP: 18/20
   148 | D        | Noticed a kobold demonologist
   149 | D        | Noticed a kobold demonologist
   152 | D        | Noticed a red devil
   155 | D        | Killed a kobold demonologist
   155 | D        | Reached skill level 13 in Hexes
   157 | D        | Killed a kobold demonologist
   157 | D        | Reached *** piety under Sif Muna
   157 | D        | Reached skill level 10 in Spellcasting
   157 | D        | Reached XP level 8. HP: 15/36 MP: 15/23
   216 | D        | Killed a gargoyle
   339 | D        | Noticed Sonja
   346 | D        | Killed Sonja
   346 | D        | Reached **** piety under Sif Muna
   346 | D        | Reached skill level 14 in Stealth
   529 | D        | Found Myetes's General Store.
   549 | D        | Noticed a deep troll
   553 | D        | Killed a deep troll
   553 | D        | Reached ***** piety under Sif Muna
   553 | D        | Reached skill level 15 in Hexes
   553 | D        | Reached XP level 9. HP: 34/39 MP: 22/25
   563 | D        | Found Cuobem's Armour Emporium.
   583 | D        | Noticed a centaur warrior
   584 | D        | Noticed a centaur warrior
   587 | D        | Killed a centaur warrior
   587 | D        | Reached skill level 5 in Dodging
   587 | D        | Reached skill level 15 in Stealth
   587 | D        | Reached skill level 16 in Hexes
   588 | D        | Killed a centaur warrior
   588 | D        | Reached ****** piety under Sif Muna
   588 | D        | Received a gift from Sif Muna
   588 | D        | Reached skill level 10 in Short Blades
   597 | D        | Noticed a wasp
   600 | D        | Killed a wasp
   610 | D        | Noticed an oklob plant
   612 | D        | Killed an oklob plant
   612 | D        | Reached XP level 10. HP: 44/44 MP: 27/27
   619 | D        | Noticed a trapdoor spider
   620 | D        | Killed a trapdoor spider
   620 | D        | Reached skill level 17 in Hexes
   623 | D        | Noticed a trapdoor spider
   623 | D        | Noticed a trapdoor spider
   624 | D        | Killed a trapdoor spider
   628 | D        | Noticed a trapdoor spider
   633 | D        | Killed a trapdoor spider
   636 | D        | Killed a trapdoor spider
   914 | D        | Noticed an unseen horror
   915 | D        | Noticed an unseen horror
   921 | D        | Killed an unseen horror
   921 | D        | Received a gift from Sif Muna
   923 | D        | Killed an unseen horror
   924 | D        | Identified Sif Muna's Almanac of Hexes (Sif Muna gifted it to you in the Dungeon)
   934 | D        | Learned a level 8 spell: Discord
   939 | D        | Learned a level 4 spell: Cause Fear
  1008 | D        | Noticed a jelly
  1008 | D        | Noticed a jelly
  1008 | D        | Noticed a jelly
  1008 | D        | Noticed a jelly
  1008 | D        | Noticed a jelly
  1008 | D        | Noticed a jelly
  1008 | D        | Noticed a jelly
  1010 | D        | Killed a jelly
  1011 | D        | Killed a jelly
  1012 | D        | Killed a jelly
  1013 | D        | Noticed a necrophage
  1013 | D        | Noticed a necrophage
  1013 | D        | Noticed a necrophage
  1013 | D        | Noticed a necrophage
  1013 | D        | Noticed a necrophage
  1014 | D        | Killed a jelly
  1019 | D        | Killed a jelly
  1024 | D        | Killed a jelly
  1032 | D        | Killed a jelly
  1105 | D        | Killed a necrophage
  1105 | D        | Reached skill level 18 in Hexes
  1108 | D        | Killed a necrophage
  1128 | D        | Killed a necrophage
  1247 | D        | Noticed a necrophage
  1254 | D        | Killed a necrophage
  1259 | D        | Killed a necrophage
  1260 | D        | Found Aqueryn's Food Boutique.
  1260 | D        | Found Obliveso's Distillery.
  1260 | D        | Noticed a necrophage
  1262 | D        | Found Aclekhlou's Magic Scroll Emporium.
  1268 | D        | Killed a necrophage
  1271 | D        | Killed a necrophage
  1290 | D        | Found Elidd's Distillery.
  1290 | D        | Found Uruth's Book Shop.
  1290 | D        | Found Defulu's Weapon Boutique.
  1292 | D        | Found Qijaung's General Store.
  1292 | D        | Found Uzxekoff's Gadget Shop.
  1292 | D        | Found Jarrogimp's Weapon Shoppe.
  1292 | D        | Found Sipen's Armour Boutique.
  1292 | D        | Found Zobaih's General Store.
  1292 | D        | Found Qoremnit's Weapon Shop.
  1292 | D        | Found Gaupomn's Armour Shoppe.
  1293 | D        | Found Yromanti's Magic Scroll Boutique.
  1328 | D        | Bought a potion of beneficial mutation for 490 gold pieces
  1328 | D        | Gained mutation: Your system is resistant to poisons. [potion of beneficial mutation]
  1340 | D        | Bought a potion of heal wounds for 70 gold pieces
  1381 | D        | Noticed a shining eye
  1381 | D        | Noticed a shining eye
  1381 | D        | Noticed a shining eye
  1382 | D        | Noticed a shining eye
  1382 | D        | Noticed a shining eye
  1382 | D        | Noticed a shining eye
  1383 | D        | Noticed a shining eye
  1383 | D        | Noticed a shining eye
  1387 | D        | Killed a shining eye
  1390 | D        | Killed a shining eye
  1390 | D        | Reached skill level 10 in Dodging
  1394 | D        | Killed a shining eye
  1395 | D        | Gained mutation: You occasionally shout uncontrollably at your foes. [a shining eye]
  1400 | D        | Killed a shining eye
  1400 | D        | Reached XP level 11. HP: 45/45 MP: 29/29
  1401 | D        | Gained mutation: You expend magic power (3 MP) to strengthen your wands. [a shining eye]
  1406 | D        | Gained mutation: You are clumsy. (Dex -2) [a shining eye]
  1407 | D        | Killed a shining eye
  1410 | D        | Gained mutation: Potions and wands are less effective at restoring your health. [a shining eye]
  1412 | D        | Gained mutation: Your magical capacity is low (-10% MP). [a shining eye]
  1502 | D        | Gained mutation: You are frail (-10% HP). [a shining eye]
  1510 | D        | Killed a shining eye
  1510 | D        | Received a gift from Sif Muna
  1510 | D        | Reached skill level 19 in Hexes
  1511 | D        | Identified Sif Muna's Tome of Enchantment (Sif Muna gifted it to you in the Dungeon)
  1512 | D        | Gained mutation: Your spells are a little easier to cast, but a little less powerful. [a shining eye]
  1517 | D        | Gained mutation: You are very clumsy. (Dex -4) [a shining eye]
  1519 | D        | Gained mutation: You sometimes yell uncontrollably at your foes. [a shining eye]
  1540 | D        | Killed a shining eye
  1611 | D        | Killed a shining eye
  1627 | D        | Found Soedd's Antique Weapon Shoppe.
  1627 | D        | Found Mumaumut's Food Shop.
  1627 | D        | Found Textiski's Antique Armour Emporium.
  1627 | D        | Found Denil's Weapon Boutique.
  1634 | D        | Bought an embroidered robe for 16 gold pieces
  1634 | D        | Bought a glowing buckler for 108 gold pieces
  1645 | D        | Bought a +1 short sword of speed for 224 gold pieces
  1737 | D        | Noticed a demonic crawler
  1737 | D        | Noticed a demonic crawler
  1737 | D        | Noticed a demonic crawler
  1737 | D        | Noticed a demonic crawler
  1963 | D        | Killed a demonic crawler
  1973 | D        | Killed a demonic crawler
  1996 | D        | HP: 1/42 [demonic crawler (10)]
  2004 | D        | Killed a demonic crawler
  2197 | D        | Killed a demonic crawler
  2240 | D        | Noticed a lindwurm
  2242 | D        | Killed a lindwurm
  2255 | D        | Noticed a gargoyle
  2289 | D        | Killed a gargoyle
  2539 | D        | Noticed Norris
  2539 | D        | Noticed a lorocyproca
  2589 | D        | Bought a scroll of magic mapping for 38 gold pieces
  2657 | D        | Killed a lorocyproca
  2657 | D        | Received a gift from Sif Muna
  2657 | D        | Reached skill level 15 in Spellcasting
  2657 | D        | Reached skill level 20 in Hexes
  2684 | D        | Noticed a hog
  2684 | D        | Noticed a hog
  2684 | D        | Noticed a hog
  2684 | D        | Noticed a hog
  2684 | D        | Noticed a hog
  2684 | D        | Noticed a hog
  2686 | D        | Noticed a hog
  2686 | D        | Noticed a hog
  2686 | D        | Noticed a hog
  2689 | D        | Noticed a hog
  2689 | D        | Killed a hog
  2691 | D        | Killed a hog
  2697 | D        | Killed a hog
  2701 | D        | Noticed a hog
  2704 | D        | Killed a hog
  2707 | D        | Noticed a hog
  2710 | D        | Noticed a hog
  2713 | D        | Killed a hog
  2717 | D        | Killed a hog
  2870 | D        | Killed a hog
  2876 | D        | Killed a hog
  2879 | D        | Killed a hog
  2892 | D        | Killed a hog
  2893 | D        | Killed a hog
  2895 | D        | Killed a hog
  2898 | D        | Killed a hog
  2900 | D        | Noticed a 12-headed hydra
  2901 | D        | Paralysed by a giant eyeball for 2 turns
  2902 | D        | Mangled by a 12-headed hydra

Action                   |  1- 3 |  4- 6 |  7- 9 | 10-12 || total
-------------------------+-------+-------+-------+-------++-------
Melee: Dagger            |    12 |     4 |    10 |    73 ||    99
       Short sword       |       |       |       |    60 ||    60
 Cast: Ensorcelled Hiber |       |       |     8 |    42 ||    50
       Confuse           |       |       |       |    14 ||    14
       Dazzling Spray    |       |       |       |    21 ||    21
       Cause Fear        |       |       |       |     8 ||     8
       Discord           |       |       |       |     1 ||     1
  Use: Potion            |       |       |     1 |     4 ||     5
       Scroll            |       |       |       |     1 ||     1
 Stab: Sleeping          |     2 |     4 |     9 |    36 ||    51
       Confused          |       |       |       |     8 ||     8
       Invisible         |       |       |       |     9 ||     9
       Distracted        |       |       |       |     2 ||     2
       Fleeing           |       |       |       |     2 ||     2
  Eat: Bread ration      |       |       |       |     1 ||     1
